Arena
509001935Analyzed4v4 RM
·
8d ago on Sep 25, 2026·
80m 39s·
8 players
Game mode
Random Map
Map size
Large (8 player)
Population
200
Speed
Normal
Resources
Standard
Victory
Conquest
Starting age
Dark Age
Ending age
Imperial Age
RankedLock teamsTeams togetherTeam positionsShared explorationLock speedFull tech treeHidden civsTurbo modeCheats
Victory
Defeat
Replay analysis
一枪一个小朋友
2:22
Loom
10:39
Feudal Age
11:29
Double-Bit Axe
17:48
Castle Age
22:07
Bow Saw
23:02
Horse Collar
23:57
Heavy Plow
23:49
Gold Mining
32:58
Imperial Age
31:26
Forging
31:16
Scale Mail Armor
31:21
Scale Barding Armor
31:58
Wheelbarrow
32:23
Husbandry
32:17
Gambesons
32:33
Squires
32:18
Arson
31:54
Pikeman
33:16
Hand Cart
35:17
Two-Man Saw
34:03
Elite Longbowman
35:05
Conscription
34:49
Fletching
34:59
Padded Archer Armor
35:51
Town Watch
36:22
Caravan
37:09
Yeomen
37:16
Warwolf
36:43
Halberdier
37:38
Bodkin Arrow
37:59
Leather Archer Armor
37:59
Chain Mail Armor
38:21
Iron Casting
37:36
Treadmill Crane
38:07
Masonry
39:03
Bracer
39:54
Ballistics
40:36
Chemistry
40:10
Architecture
39:35
Murder Holes
39:49
Siege Engineers
43:07
Hoardings
43:22
Ring Archer Armor
43:22
Plate Mail Armor
43:53
Blast Furnace
JHE198
0:40
Loom
0:47
Loom
13:22
Feudal Age
15:11
Double-Bit Axe
15:54
Horse Collar
22:08
Castle Age
22:35
Wheelbarrow
22:23
Stone Mining
22:25
Gold Mining
23:17
Bow Saw
23:17
Heavy Plow
24:36
Padded Archer Armor
24:27
Fletching
26:50
Ballistics
26:28
Murder Holes
26:57
Silk Road
27:39
Leather Archer Armor
34:39
Imperial Age
33:36
Hand Cart
33:08
Town Watch
33:53
Bodkin Arrow
37:19
Chemistry
36:52
Ring Archer Armor
38:24
Caravan
38:01
Elite Genoese Crossbowman
40:18
Conscription
41:18
Elite Skirmisher
49:30
Bracer
52:22
Light Cavalry
53:13
Bloodlines
53:21
Hussar
56:25
Bloodlines
57:27
Forging
57:22
Scale Barding Armor
58:36
Pirotechnia
60:45
Fortified Wall
60:58
Chain Barding Armor
61:14
Iron Casting
64:49
Blast Furnace
64:25
Plate Barding Armor
66:21
Scale Mail Armor
69:59
Chain Mail Armor
WiryLearner2495
0:26
Loom
15:16
Feudal Age
18:13
Castle Age
15:57
Horse Collar
17:35
Double-Bit Axe
17:47
Stone Mining
20:52
Bow Saw
20:44
Heavy Plow
26:50
Gold Mining
29:35
Imperial Age
27:44
Wheelbarrow
27:28
Pikeman
29:38
Gold Shaft Mining
30:23
Fletching
30:32
Murder Holes
31:38
Chemistry
32:12
Conscription
32:18
Ballistics
31:21
Capped Ram
32:25
Siege Ram
32:59
Halberdier
36:33
Heavy Scorpion
37:57
Scale Mail Armor
38:03
Scale Barding Armor
37:58
Padded Archer Armor
38:09
Forging
37:55
Bodkin Arrow
37:34
Light Cavalry
38:24
Bloodlines
38:15
Husbandry
38:42
Hussar
50:52
Caravan
58:09
Chain Mail Armor
58:10
Leather Archer Armor
67:45
Siege Engineers
67:51
Fortified Wall
夏藤
9:05
Loom
11:12
Feudal Age
15:04
Castle Age
13:36
Double-Bit Axe
13:53
Horse Collar
21:47
Heavy Plow
23:12
Bow Saw
25:33
Wheelbarrow
25:48
Pikeman
31:25
Scale Mail Armor
33:04
Squires
33:18
Gold Mining
33:20
Stone Mining
36:35
Forging
41:30
Imperial Age
43:05
Stone Shaft Mining
45:19
Husbandry
45:29
Bloodlines
45:47
Hand Cart
46:52
Iron Casting
46:33
Chain Mail Armor
46:24
Scale Barding Armor
50:06
Onager
64:27
Plate Mail Armor
64:58
Halberdier
70:17
Blast Furnace
69:47
Plate Mail Armor
72:47
Crop Rotation
RodrigoOBOMM
8:46
Loom
11:53
Feudal Age
16:11
Castle Age
14:52
Double-Bit Axe
14:49
Horse Collar
17:07
Bow Saw
21:26
Pikeman
23:54
Heavy Plow
32:48
Imperial Age
34:16
Wheelbarrow
36:41
Town Watch
37:15
Halberdier
38:01
Man-at-Arms
41:25
Chemistry
41:32
Forging
41:23
Scale Mail Armor
41:54
Gold Mining
42:49
Iron Casting
43:42
Hand Cart
46:54
Squires
48:53
Blast Furnace
48:09
Chain Mail Armor
47:35
Long Swordsman
49:58
Two-Handed Swordsman
55:22
Anarchy
56:00
Elite Huskarl
57:54
Conscription
58:04
Stone Mining
59:16
Champion
66:06
Fletching
68:12
Capped Ram
74:37
Bloodlines
73:49
Light Cavalry
81:00
Bodkin Arrow
81:06
Padded Archer Armor
81:12
Scale Barding Armor
81:32
Ballistics
Ananda
13:54
Feudal Age
15:20
Double-Bit Axe
21:14
Castle Age
23:08
Scale Barding Armor
23:14
Forging
26:31
Husbandry
30:54
Gold Mining
30:56
Stone Mining
31:50
Iron Casting
31:36
Chain Barding Armor
31:16
Scale Mail Armor
31:59
Wheelbarrow
33:28
Squires
33:13
Arson
33:24
Arson
36:57
Chain Mail Armor
41:36
Imperial Age
39:24
Hand Cart
39:09
Ordonnance Companies
41:38
Cavalier
42:35
Bow Saw
45:26
Plate Barding Armor
45:52
Blast Furnace
47:38
Paladin
49:15
Gold Shaft Mining
50:08
Plate Mail Armor
49:56
Light Cavalry
52:01
Elite Throwing Axeman
73:14
Chivalry
Daniel
6:08
Loom
11:26
Feudal Age
12:10
Double-Bit Axe
19:27
Castle Age
17:16
Horse Collar
18:46
Gold Mining
18:46
Stone Mining
20:23
Bow Saw
20:17
Heavy Plow
23:27
Wheelbarrow
24:25
Forging
24:15
Scale Mail Armor
24:06
Fletching
24:17
Padded Archer Armor
31:50
Hand Cart
34:55
Imperial Age
32:02
Elite Skirmisher
33:29
Ballistics
33:19
Treadmill Crane
33:41
Bodkin Arrow
34:03
Chain Mail Armor
34:23
Iron Casting
35:46
Imperial Skirmisher
36:32
Thumb Ring
36:06
Elite Fire Lancer
38:37
Chemistry
38:17
Stone Shaft Mining
40:16
Iron Casting
39:41
Bracer
40:12
Plate Mail Armor
39:57
Leather Archer Armor
41:52
Leather Archer Armor
45:55
Two-Man Saw
45:03
Pikeman
45:44
Squires
45:29
Arson
46:18
Ring Archer Armor
47:36
Paper Money
49:50
Crop Rotation
F31740
12:47
Feudal Age
13:28
Horse Collar
13:35
Double-Bit Axe
15:01
Wheelbarrow
17:34
Gold Mining
17:38
Stone Mining
21:19
Castle Age
20:52
Fletching
22:46
Gold Shaft Mining
23:03
Heavy Plow
23:03
Bodkin Arrow
24:17
Crossbowman
26:24
Hand Cart
26:22
Padded Archer Armor
27:10
Bow Saw
30:46
Leather Archer Armor
29:58
Elite Skirmisher
32:19
Yeomen
39:51
Imperial Age
41:53
Chemistry
41:14
Ballistics
41:56
Onager
42:19
Cavalier
43:01
Husbandry
43:26
Loom
45:16
Elite Longbowman
47:01
Imperial Skirmisher
51:35
Bracer
52:06
Ring Archer Armor
57:02
Two-Man Saw
58:35
Scale Barding Armor
76:56
Heavy Scorpion